Map: King Sejong Station LE

Players

Stats - Winner!

  • Race: Protoss Protoss

Zest

  • Race: Protoss Protoss

Event: 2016 WCS Global Finals

VOD

Have the link to the VOD?

Description

Time

  • Played on: Nov. 4, 2016, 7:41 p.m.
  • Length: 11:30

All games in this series

Show
View Real Time Build Order
Export as new Build Order

Stats Protoss - Winner!

Build Orders:  

Get SALT Encoding   

  12  0:00  Probe (Chrono Boost)  
  13  0:11  Probe (Chrono Boost)  
  14  0:18  Pylon  
  14  0:21  Probe (Chrono Boost)  
  15  0:37  Gateway, Probe (Chrono Boost)  
  16  0:47  Probe (Chrono Boost)  
  16  0:48  Assimilator  
  17  0:52  Assimilator  
  17  0:58  Probe (Chrono Boost)  
  18  1:08  Probe (Chrono Boost)  
  19  1:12  Gateway  
  19  1:19  Probe (Chrono Boost)  
  19  1:24  Cybernetics Core  
  20  1:29  Probe (Chrono Boost)  
  20  1:31  Pylon  
  22  1:40  Probe (Chrono Boost)  
  22  1:46  Warp Gate  
  22  1:50  Probe (Chrono Boost)  
  24  2:01  Stalker x2  
  24  2:02  Probe (Chrono Boost)  
  30  2:17  Pylon  
  30  2:18  Mothership Core (Chrono Boost)  
  30  2:34  Stalker  
  30  2:35  Stalker  
  34  2:55  Nexus  
  35  3:10  Robotics Facility  
  34  3:14  Sentry  
  34  3:16  Pylon  
  36  3:32  Probe (Chrono Boost)  
  36  3:53  Probe (Chrono Boost)  
  36  4:00  Stalker x2  
  40  4:03  Probe (Chrono Boost)  
  40  4:07  Probe (Chrono Boost)  
  42  4:11  Twilight Council  
  42  4:16  Probe (Chrono Boost)  
  43  4:19  Probe (Chrono Boost)  
  44  4:32  Blink  
  44  4:33  Probe x2 (Chrono Boost)  
  46  4:44  Probe (Chrono Boost)  
  46  4:45  Probe (Chrono Boost)  
  49  4:54  Stalker  
  49  4:58  Stalker  
  51  5:00  Pylon  
  51  5:03  Immortal  
  54  5:19  Pylon  
  54  5:23  Probe x2 (Chrono Boost)  
  54  5:25  Stalker  
  57  5:32  Pylon  
  57  5:35  Probe x2 (Chrono Boost)  
  59  5:38  Stalker  
  61  5:44  Observer  
  61  5:47  Probe x2 (Chrono Boost)  
  64  5:56  Pylon  
  64  5:59  Probe x2 (Chrono Boost)  
  64  6:02  Warp Prism  
  66  6:09  Assimilator, Stalker x2  
  66  6:10  Assimilator  
  72  6:16  Probe (Chrono Boost)  
  72  6:17  Probe (Chrono Boost)  
  74  6:29  Probe x2 (Chrono Boost)  
  76  6:36  Stalker x2  
  80  6:44  Probe x2 (Chrono Boost)  
  80  6:45  Gateway  
  80  6:46  Pylon  
  82  6:56  Probe (Chrono Boost)  
  83  7:02  Nexus  
  83  7:06  Stalker x2  
  83  7:08  Resonating Glaives  
  87  7:11  Robotics Bay  
  87  7:23  Gateway  
  87  7:26  Gateway  
  87  7:30  Pylon  
  87  7:35  Sentry  
  87  7:36  Sentry  
  91  7:44  Sentry  
  93  7:52  Gateway  
  93  7:53  Disruptor  
  93  7:58  Pylon  
  93  8:00  Pylon  
  96  8:06  Adept x2  
  96  8:07  Adept  
  102  8:15  Pylon  
  102  8:24  Adept x2, Disruptor  
  106  8:28  Adept x3  
  97  8:50  Adept x5  
  93  8:55  Disruptor  
  93  9:00  Adept  
  82  9:13  Adept x5  
  78  9:25  Probe (Chrono Boost)  
  78  9:27  Probe x2 (Chrono Boost)  
  81  9:47  Stalker x5  
  89  10:03  Probe x2 (Chrono Boost)  
  88  10:07  Probe (Chrono Boost)  
  86  10:15  Probe x2 (Chrono Boost)  
  86  10:18  Probe (Chrono Boost)  
  86  10:20  Adept x4  
  95  10:32  Adept x2  
  97  10:41  Probe (Chrono Boost)  
  97  10:42  Probe (Chrono Boost)  
  97  10:43  Probe (Chrono Boost)  
  97  11:01  Stalker x2  
  97  11:02  Stalker x3  
Show
View Real Time Build Order
Export as new Build Order

Zest Protoss 

Build Orders: Oracle Opening 

Get SALT Encoding   

  12  0:00  Probe (Chrono Boost)  
  13  0:11  Probe (Chrono Boost)  
  14  0:17  Pylon  
  14  0:21  Probe (Chrono Boost)  
  15  0:35  Probe (Chrono Boost)  
  16  0:36  Gateway  
  16  0:41  Assimilator  
  16  0:45  Probe (Chrono Boost)  
  17  0:50  Assimilator  
  17  0:56  Probe (Chrono Boost)  
  18  1:07  Gateway, Probe (Chrono Boost)  
  19  1:17  Probe (Chrono Boost)  
  20  1:23  Cybernetics Core  
  20  1:28  Probe (Chrono Boost)  
  21  1:36  Pylon  
  21  1:39  Probe (Chrono Boost)  
  22  1:50  Probe (Chrono Boost)  
  23  1:58  Warp Gate  
  23  2:02  Stargate  
  23  2:03  Mothership Core (Chrono Boost)  
  25  2:15  Stalker  
  27  2:23  Stalker  
  27  2:28  Pylon  
  29  2:46  Oracle  
  32  3:09  Stalker  
  32  3:10  Stalker  
  32  3:12  Pylon  
  36  3:28  Nexus  
  36  3:43  Stalker x2  
  40  4:00  Pylon, Probe (Chrono Boost)  
  41  4:11  Probe (Chrono Boost)  
  42  4:21  Probe (Chrono Boost)  
  42  4:22  Stalker x2  
  47  4:30  Twilight Council  
  47  4:33  Probe (Chrono Boost)  
  48  4:42  Probe (Chrono Boost)  
  48  4:43  Probe (Chrono Boost)  
  49  5:00  Probe (Chrono Boost), Blink  
  49  5:06  Probe (Chrono Boost)  
  50  5:11  Probe (Chrono Boost)  
  51  5:16  Probe (Chrono Boost)  
  52  5:23  Probe (Chrono Boost)  
  52  5:27  Probe (Chrono Boost)  
  54  5:31  Robotics Facility, Sentry  
  54  5:32  Sentry  
  54  5:33  Gateway  
  54  5:35  Probe (Chrono Boost)  
  59  5:36  Gateway  
  59  5:37  Probe (Chrono Boost)  
  60  5:47  Probe (Chrono Boost)  
  60  5:48  Probe (Chrono Boost)  
  60  5:49  Gateway  
  62  5:50  Gateway  
  62  5:54  Assimilator  
  62  5:58  Probe (Chrono Boost), Sentry  
  62  5:59  Probe (Chrono Boost)  
  62  6:02  Pylon  
  63  6:13  Gateway  
  63  6:14  Pylon  
  63  6:16  Immortal  
  63  6:22  Phoenix  
  63  6:25  Probe x2 (Chrono Boost)  
  69  6:31  Pylon  
  69  6:40  Nexus  
  69  6:45  Adept  
  69  6:46  Adept  
  73  6:52  Observer  
  73  6:54  Adept x2  
  76  7:01  Adept x2  
  80  7:10  Resonating Glaives  
  80  7:15  Warp Prism  
  78  7:21  Adept  
  78  7:22  Adept x3  
  84  7:26  Adept  
  86  7:38  Pylon x2  
  86  7:53  Adept  
  86  7:54  Adept x4  
  86  7:58  Adept  
  98  8:07  Pylon  
  98  8:08  Pylon  
  98  8:22  Adept x5  
  98  8:23  Adept  
  98  8:25  Sentry  
  92  8:51  Adept x2  
  92  8:52  Adept x3  
  92  8:55  Adept x2  
  51  9:17  Adept  
  51  9:18  Adept x6  
  51  9:20  Warp Prism  
  59  9:28  Probe (Chrono Boost)  
  59  9:29  Probe (Chrono Boost)  
  59  9:30  Probe (Chrono Boost)  
  64  9:46  Stalker x6  
  64  9:51  Stalker  
  78  9:56  Immortal  
  76  10:16  Adept x4  
  76  10:17  Adept x3  
  72  10:48  Adept  
  72  10:49  Adept x6  
  74  11:25  Adept x7  
Tags
 
Add a new tag
Caveats
  • Supply blocks, unpowered buildings, or Contaminate may cause inaccurate times.
  • Supply counts are checked every 10 seconds.